 Dungeon Crawl Stone Soup version 0.29.0-11-gd7f09526c8 (webtiles) character file.

Game seed: 16171583257349020264

3126 Strat the Cleaver (level 10, -8/88 HPs)
             Began as a Meteoran Fighter on Sept 2, 2022.
             Was a Priest of Zin.
             Mangled by a chaos spawn (11 damage)
             ... summoned by a kobold demonologist
             ... on level 9 of the Dungeon.
             The game lasted 00:23:59 (4222 turns).

Strat the Cleaver (Meteoran Fighter)                Turns: 4222, Time: 00:23:59

Health: -8/88      AC: 13    Str: 22      XL:     10   Next: 36%
Magic:  9/15       EV:  7    Int: 10      God:    Zin [***...]
Gold:   150        SH:  0    Dex: 13 (14) Spells: 10/10 levels left

rFire   . . .      SeeInvis .   a - +1 war axe (vorpal)
rCold   . . .      Faith    .   c - +0 buckler
rNeg    . . .      Spirit   .   o - +0 chain mail
rPois   +          Reflect  .   (no helmet)
rElec   .          Harm     .   B - +1 cloak
rCorr   +          Rampage  +   (no gloves)
Will    +....                   j - +0 pair of boots {rampage}
Stlth   ..........              (no amulet)
HPRegen 0.24/turn               n - ring of resist corrosion
MPRegen 0.14/turn               z - ring of poison resistance

@: confused, brilliant, glowing
A: sense surroundings 2, otherworldly, glowing, explore regen
a: Renounce Religion, Recite, Vitalisation, Imprison, Donate Gold


You were on level 9 of the Dungeon.
You worshipped Zin.
Zin was most pleased with you.
You visited 2 branches of the dungeon, and saw 10 of its levels.

You collected 320 gold pieces.
You spent 138 gold pieces at shops.
You donated 32 gold pieces to Zin.

Inventory:

Hand Weapons
 a - a +1 vorpal war axe (weapon)
Missiles
 g - 14 boomerangs (quivered)
 m - 5 curare-tipped darts
 q - 12 poisoned darts
 x - a throwing net
Armour
 b - a +0 scale mail
 c - a +0 buckler (worn)
 j - a +0 pair of boots of rampaging (worn)
 o - a +0 chain mail (worn)
 B - a +1 cloak (worn)
Jewellery
 n - a ring of resist corrosion (left hand)
 t - a ring of see invisible
 u - a ring of protection from fire
 z - a ring of poison resistance (right hand)
Wands
 f - a wand of charming (15)
 y - a wand of flame (13)
 A - a wand of iceblast (7)
Scrolls
 i - a scroll of noise
 r - 2 scrolls of vulnerability
 v - a scroll of enchant weapon
 C - a scroll of blinking
Potions
 d - a potion of invisibility
 e - a potion of attraction {unknown}
 h - a potion of brilliance
 k - a potion of flight {unknown}
 p - 3 potions of mutation {unknown}
 s - a potion of berserk rage {unknown}
 w - a potion of ambrosia {unknown}


   Skills:
 + Level 8.0 Fighting
 + Level 12.0 Axes
 + Level 6.0 Armour
 - Level 3.6 Shields
 - Level 0.9 Spellcasting
 - Level 6.0 Invocations


You had 10 spell levels left.
You didn't know any spells.
Your spell library contained the following spells:

 Spells                   Type           Power      Damage    Failure   Level
 Summon Guardian Golem    Hex/Summ       0%         N/A       100%        3
 Orb of Destruction       Conj           0%         9d5       100%        7
 Spellforged Servitor     Conj/Summ      0%         N/A       100%        7


Dungeon Overview and Level Annotations

Branches:
Dungeon (9/15) Zot: 1062   Temple (1/1) D:5 Zot: 551
   Lair: D:8-11         Orc: D:9-12

Altars:
Ashenzari
Cheibriados
Dithmenos
Elyvilon
Fedhas
Gozag
Hepliaklqana
Kikubaaqudgha
Makhleb
Okawaru
Qazlal
Ru
Sif Muna
Trog
Vehumet
Wu Jian
Xom
Yredelemnul
Zin
The Shining One

Shops:
D:6 =   D:7 *

Annotations:
D:3 Sigmund
D:4 3 runed translucent doors, greasedhog's ghost, amateur GrFi
D:5 1 transporter, Flarelocke's ghost, amateur MiFi
D:8 Erica


Innate Abilities, Weirdness & Mutations

You passively map the area around you.
You are easily found by Zot.
You glow in the dark.
You regain HP and MP as you explore.


Message History

* * * LOW HITPOINT WARNING * * *
The hellwing hits you but does no damage. x2
The quasit bites you but does no damage.
The quasit claws you but does no damage. x2
The ufetubus barely misses you.
The ufetubus hits you but does no damage.
The quasit bites you but does no damage.
The quasit claws you but does no damage. x2
The hellwing hits you but does no damage.
The hellwing hits you!
* * * LOW HITPOINT WARNING * * *
The quasit closely misses you.
The quasit claws you but does no damage. x2
The iron imp hits you but does no damage.
The ufetubus hits you but does no damage. x2
The hellwing hits you but does no damage. x2
The ufetubus attacks as you move away!
The ufetubus hits you but does no damage.
The ufetubus completely misses you.
The hellwing hits you but does no damage.
The hellwing hits you!
* * * LOW HITPOINT WARNING * * *
The soul eater draws from the surrounding life force!
* * * LOW HITPOINT WARNING * * *
Okay, then.
You barely miss the iron imp. You miss the quasit.
You hit the hellwing but do no damage. You hit the chaos spawn.
The quasit bites you but does no damage.
The quasit claws you but does no damage.
The quasit claws you.
* * * LOW HITPOINT WARNING * * *
You feel clumsy.
The iron imp hits you but does no damage.
The hellwing hits you.
* * * LOW HITPOINT WARNING * * *
The hellwing hits you but does no damage.
The chaos spawn hits you.
* * * LOW HITPOINT WARNING * * *
You are engulfed in flames!
You die...

* , ### , ... * ###### ... *
#....# ... * #....# ** ... *
####....##### ... , ,
.(......55..## .# #.## *
##...4K4@..# #.# #.# . ,
##...K545..# #.# #.# ..,
,*##.....3.5..# #.# #.# .K.
#....)...5..# #.# #.# , .K,
#..#..).)....# #.# #.#
###.K#..####.#.....#######.###.##
....K............................
5###..########.....#######.###.#.
,.. , * #.....# #.# #.#.


You could see a soul eater (summoned), a hellwing (summoned), an ice devil
(summoned), a kobold demonologist, a chaos spawn (summoned), a kobold brigand, 3
iron imps, 2 quasits and an ufetubus (summoned).

Vanquished Creatures
  Joseph (D:9)
  A kobold demonologist (D:9)
  2 yaks (D:9)
  2 vampire mosquitoes (D:8)
  A water moccasin (D:5)
  An ice beast (D:6)
  2 black bears (D:6)
  A centaur (D:7)
  3 kobold brigands
  4 bullfrogs
  3 wights (D:8)
  5 killer bees
  2 jellies (D:5)
  3 hounds
  2 gnoll boudas
  3 orc priests
  4 iguanas
  3 orc wizards
  Robin (D:3)
  8 gnolls
  4 adders
  A white imp (D:7)
  5 ufetubi
  4 worms
  A dart slug (D:3)
  21 orcs
  3 endoplasms
  A giant cockroach (D:1)
  7 hobgoblins
  3 jackals (D:1)
  A quokka (D:4)
  9 ball pythons
  2 bats
  2 frilled lizards (D:1)
  11 goblins
  14 kobolds
  3 rats
144 creatures vanquished.

Vanquished Creatures (others)
  6 plants (D:5)
6 creatures vanquished.

Grand Total: 150 creatures vanquished

Notes
Turn   | Place    | Note
-------+----------+-------------------------------------------
     0 | D:1      | Strat the Meteoran Fighter began the quest for the Orb.
     0 | D:1      | Reached XP level 1. HP: 19/19 MP: 2/2
   174 | D:1      | Reached skill level 3 in Axes
   174 | D:1      | Reached XP level 2. HP: 14/26 MP: 3/3
   353 | D:2      | Reached XP level 3. HP: 24/31 MP: 4/4
   359 | D:2      | Reached skill level 4 in Axes
   582 | D:3      | Found a snail-covered altar of Cheibriados.
   665 | D:3      | Reached XP level 4. HP: 38/38 MP: 5/5
   696 | D:3      | Noticed Robin
   719 | D:3      | Killed Robin
   719 | D:3      | Noticed Sigmund
   720 | D:3      | Reached skill level 5 in Axes
   750 | D:4      | Found a hazy altar of Hepliaklqana.
   751 | D:4      | Found a shimmering altar of Xom.
   752 | D:4      | Noticed a spectral ugly thing
   816 | D:4      | Found an iron altar of Okawaru.
  1046 | D:4      | Identified the +5 dagger "Cofiafib" {drain, Str-2 Int+4
                  | Dex+2}
  1079 | D:4      | Found a runed translucent gate.
  1079 | D:4      | Found a runed translucent gate.
  1080 | D:4      | Found a runed translucent gate.
  1081 | D:4      | Noticed greasedhog's ghost (amateur GrFi)
  1172 | D:4      | Reached XP level 5. HP: 42/45 MP: 6/6
  1189 | D:4      | Reached skill level 6 in Axes
  1382 | D:5      | Entered Level 5 of the Dungeon
  1413 | D:5      | Reached XP level 6. HP: 33/51 MP: 7/7
  1548 | D:5      | Reached skill level 7 in Axes
  1661 | D:5      | Noticed an ice beast
  1712 | D:5      | Found a staircase to the Ecumenical Temple.
  1723 | Temple   | Entered the Ecumenical Temple
  1766 | Temple   | Became a worshipper of Zin the Law-Giver
  1766 | Temple   | Reached * piety under Zin
  1817 | D:5      | Reached XP level 7. HP: 51/59 MP: 9/9
  1841 | D:5      | Found a transporter.
  1846 | D:5      | Noticed Flarelocke's ghost (amateur MiFi)
  1890 | D:5      | Noticed a water moccasin
  1912 | D:5      | Killed a water moccasin
  1913 | D:5      | Reached skill level 5 in Armour
  1916 | D:5      | HP: 3/60 [poisoned by a water moccasin]
  1930 | D:5      | Reached skill level 5 in Fighting
  1932 | D:5      | HP: 2/61 [orc priest/divine providence (8)]
  2015 | D:6      | Found a shadowy altar of Dithmenos.
  2033 | D:6      | Reached XP level 8. HP: 58/68 MP: 10/10
  2051 | D:6      | Reached skill level 8 in Axes
  2161 | D:6      | Reached skill level 9 in Axes
  2225 | D:6      | Found Suphirij's Jewellery Boutique.
  2296 | D:6      | Reached skill level 10 in Axes
  2349 | D:6      | Reached skill level 1 in Invocations
  2369 | D:6      | You fall into a shaft and drop 1 floor!
  2446 | D:7      | Found a blossoming altar of Fedhas.
  2516 | D:7      | Reached ** piety under Zin
  2594 | D:7      | Gained mutation: You passively map the area around you.
                  | [Meteoran growth]
  2594 | D:7      | Reached XP level 9. HP: 67/74 MP: 11/11
  2647 | D:7      | Found Domixad's Neck Hole.
  2653 | D:7      | Bought a +1 cloak for 138 gold pieces
  2799 | D:8      | Noticed Erica
  2888 | D:8      | Found a bloodstained altar of Trog.
  2890 | D:8      | Found a broken altar of Ashenzari.
  2890 | D:8      | Found a shimmering blue altar of Sif Muna.
  2891 | D:8      | Found an opulent altar of Gozag.
  2891 | D:8      | Found a burning altar of Makhleb.
  3262 | D:8      | Reached skill level 11 in Axes
  3407 | D:9      | Noticed Joseph
  3422 | D:8      | Reached *** piety under Zin
  3556 | D:8      | Reached skill level 5 in Invocations
  3807 | D:9      | Killed Joseph
  3808 | D:9      | Reached XP level 10. HP: 56/86 MP: 13/15
  3998 | D:9      | Found a stormy altar of Qazlal.
  4172 | D:9      | Noticed a kobold demonologist
  4173 | D:9      | Noticed a kobold demonologist
  4195 | D:9      | Noticed a kobold demonologist
  4198 | D:9      | Noticed a sun demon
  4199 | D:9      | Killed a kobold demonologist
  4200 | D:9      | Reached skill level 12 in Axes
  4213 | D:9      | Noticed a soul eater
  4216 | D:9      | Noticed a hellwing
  4218 | D:9      | Noticed an ice devil
  4222 | D:9      | HP: 3/88 [chaos spawn[a kobold demonologist] (4)]
  4222 | D:9      | Mangled by a chaos spawn

Illustrated notes

Levels and vault maps discovered:
D:1:      dpeg_cavernosity, layout_basic, hangedman_decor_points
D:2:      layout_loops_cross, shapermc_ecumenical_altar_starsandcircs,
          uniq_natasha
D:3:      layout_basic, kennysheep_slug_shrine, serial_shops, shop_statue,
          uniq_robin, uniq_sigmund, uniq_terence
D:4:      minmay_chambers_of_threes, layout_loops_ring,
          regret_index_temple_of_mockery, kennysheep_mini,
          gammafunk_ghost_necromancy, minmay_misc_feat_five
D:5:      wad_lake_hut, layout_loops_corners, minmay_temple_entry_trees,
          gammafunk_ghost_mausoleum
D:6:      layout_cave_pools, mainiacjoe_overflow_24_doors, serial_shops,
          nicolae_shop_waterfront
D:7:      layout_gridville, nicolae_uskayaw_dance_studio,
          mainiacjoe_overflow_boulevard, mainiacjoe_overflow_six_doors_small,
          nicolae_shop_sticking_my_neck_out
D:8:      layout_basic, grunt_temple_overflow_open, serial_rivers,
          chequers_serial_rivers_micro_b, chequers_serial_rivers_micro_b,
          chequers_serial_rivers_micro_b, chequers_serial_rivers_large_b,
          chequers_serial_rivers_room_b, blue_anna_alchemist, uniq_erica
D:9:      layout_basic, nicolae_qazlal_general_emergency,
          kennysheep_island_fort, uniq_joseph
Temple:   hellmonk_temple_two_chambers

Skill      XL: |  1  2  3  4  5  6  7  8  9 10 |
---------------+-------------------------------+-----
Axes           | 3 4 5 6 7 10 11 12 | 12.0
Armour         | 4 5 6 |  6.0
Fighting       | 4 5 7 8 |  8.0
Invocations    | 2 5 6 |  6.0
Shields        | |  3.6
Spellcasting   | |  0.9

Action                   |  1- 3 |  4- 6 |  7- 9 | 10-12 || total
-------------------------+-------+-------+-------+-------++-------
Melee: War axe           |    70 |   135 |   248 |    73 ||   526
Evoke: Wand              |       |       |     1 |       ||     1
  Use: Scroll            |       |     5 |     7 |     1 ||    13
       Potion            |       |     1 |     4 |     4 ||     9
Armor: Scale mail        |    32 |       |       |       ||    32
       Chain mail        |     1 |    98 |   200 |   114 ||   413
Dodge: Dodged            |    27 |    54 |    77 |    58 ||   216
Block: Buckler           |    25 |    46 |    88 |    22 ||   181
